[Event "Team 45 45 League T63"]
[Site "Internet Chess Club"]
[Date "2015.02.01"]
[Round "9"]
[White "Intemperate"]
[Black "achessman"]
[Result "1-0"]
[WhiteElo "1934"]
[BlackElo "1966"]
[Opening "QGD: semi-Slav, Marshall gambit"]
[ECO "D10"]
[Time "10:18:41"]
[TimeControl "2700+45"]

1. d4 d5 2. c4 c6 3. Nc3 e6 4. e4 dxe4 5. Nxe4 Bb4+ 6. Bd2 Bxd2+ 7. Qxd2 Nf6 8.
Nxf6+ Qxf6 9. Nf3 O-O 10. Bd3 Rd8 11. Qe3 c5 12. dxc5 Qxb2 13. O-O Nc6 14. Rfd1
Qf6 15. Be4 Bd7 16. Rab1 Rab8 17. Rd6 Be8 18. Rbd1 Rdc8 19. g4 h6 20. h4 Na5 21.
g5 hxg5 22. hxg5 Qe7 23. Ne5 b5 24. f4 f5 25. gxf6 Qxf6 26. Rxe6 Qh4 27. Bd5 Kh7
28. Qd3+ g6 29. Rxe8 Qf6 30. Qh3+ Kg7 31. Qh8# {Black checkmated} 1-0

[Event "Team 45 45 League T63"]
[Site "Internet Chess Club"]
[Date "2015.02.01"]
[Round "9"]
[White "CaoCao"]
[Black "MrShaw"]
[Result "1/2-1/2"]
[WhiteElo "1921"]
[BlackElo "1823"]
[Opening "French: Steinitz, Boleslavsky variation"]
[ECO "C11"]
[Time "12:08:13"]
[TimeControl "2700+45"]

1. e4 e6 2. d4 d5 3. Nc3 Nf6 4. e5 Nfd7 5. f4 c5 6. Nf3 Nc6 7. Be3 cxd4 8. Nxd4
Bc5 9. Qd2 a6 10. O-O-O O-O 11. h4 Nxd4 12. Bxd4 b5 13. Bxc5 Nxc5 14. Qd4 Qb6
15. a3 Rb8 16. b4 Nd7 17. Qxb6 Nxb6 18. Bd3 Bd7 19. Ne2 Nc4 20. Bxc4 bxc4 21. c3
a5 22. Kb2 f6 23. exf6 Rxf6 24. g3 e5 25. Rhe1 axb4 26. axb4 Bg4 27. Rxd5 Bxe2
28. Rxe2 exf4 29. gxf4 Rxf4 30. h5 {Game drawn by mutual agreement} 1/2-1/2

[Event "Team 45 45 League T63"]
[Site "Internet Chess Club"]
[Date "2015.02.01"]
[Round "9"]
[White "Philly-Boy"]
[Black "Frankly"]
[Result "1-0"]
[WhiteElo "1799"]
[BlackElo "1796"]
[Opening "Budapest: Rubinstein variation"]
[ECO "A52"]
[Time "14:02:26"]
[TimeControl "2700+45"]

1. d4 Nf6 2. c4 e5 3. dxe5 Ng4 4. Bf4 Nc6 5. Nf3 Bb4+ 6. Nc3 Bxc3+ 7. bxc3 Qe7
8. Qd5 f6 9. exf6 Nxf6 10. Qd3 d6 11. e3 b6 12. Nd4 Bb7 13. f3 O-O 14. Nxc6 Bxc6
15. Kf2 Rad8 16. Re1 Rf7 17. Be2 Rdf8 18. Rhf1 Qd7 19. Kg1 Nh5 20. Bg3 Nxg3 21.
hxg3 Rf6 22. Bd1 Rh6 23. Kf2 Rg6 24. Qd4 Rg4 25. f4 Rg6 26. Rh1 h6 27. Bf3 Ba4
28. e4 Kh8 29. e5 Bc2 30. Bh5 Rg5 31. e6 Qe7 32. Bf7 Rxf7 33. exf7 Qxf7 34.
Rxh6+ Kg8 35. Rhe6 Rh5 36. Re7 Qg6 37. Rxc7 Ra5 38. Ree7 {Black resigns} 1-0

[Event "Team 45 45 League T63"]
[Site "Internet Chess Club"]
[Date "2015.01.31"]
[Round "9"]
[White "Constrictor"]
[Black "qs16"]
[Result "1/2-1/2"]
[WhiteElo "1667"]
[BlackElo "1829"]
[Opening "Queen's Indian: old main line, 9.Qxc3"]
[ECO "E19"]
[Time "12:30:27"]
[TimeControl "2700+45"]

1. Nf3 Nf6 2. d4 e6 3. c4 b6 4. g3 Bb7 5. Bg2 Be7 6. O-O O-O 7. Nc3 Ne4 8. Qc2
Nxc3 9. Qxc3 d5 10. Bf4 c5 11. Rfd1 cxd4 12. Qxd4 Nc6 13. Qc3 Bf6 14. Qa3 Re8
15. e4 Na5 16. cxd5 exd5 17. e5 Be7 18. Qd3 Nc4 19. Qb3 Rc8 20. Rac1 Na5 21.
Rxc8 Qxc8 22. Qd3 Rd8 23. Bg5 Ba6 24. Qb1 Qd7 25. Bxe7 Qxe7 26. Qf5 h6 27. Nd4
Bc8 28. Qh5 Qb4 29. Nf5 Be6 30. Nd6 Rf8 31. Bxd5 Bxd5 32. Rxd5 Qxb2 33. Qf5 Qc1+
34. Kg2 Qg5 35. Qxg5 hxg5 36. Ne4 g4 37. Rd7 Nc4 38. Rxa7 Nxe5 39. Rb7 Ra8 40.
Rxb6 Rxa2 41. Rb5 f6 42. Rd5 Ra1 43. h3 Ra2 44. hxg4 Nxg4 45. Rd2 Ra3 46. Nd6
Ra5 47. Kh3 Ne5 48. Kg2 g5 49. Nf5 Kf7 50. Nd4 Ra3 51. Nf5 g4 52. Ne3 Kg6 53.
Nd5 Ra1 54. Ne3 f5 55. Rd1 {Game drawn by mutual agreement} 1/2-1/2

[Event "Team 45 45 League T63"]
[Site "Internet Chess Club"]
[Date "2015.02.02"]
[Round "9"]
[White "Agarnez"]
[Black "LazyPeon"]
[Result "0-1"]
[WhiteElo "1871"]
[BlackElo "1862"]
[Opening "Benkö gambit half accepted"]
[ECO "A57"]
[Time "15:00:09"]
[TimeControl "2700+45"]

1. d4 Nf6 2. c4 c5 3. d5 b5 4. cxb5 a6 5. b6 d6 6. Nc3 g6 7. e4 Nbd7 8. Nf3 Bg7
9. h3 O-O 10. Be2 Rb8 11. Nd2 Nxb6 12. a4 Ne8 13. O-O Nc7 14. Nf3 Nd7 15. Qc2
Ne5 16. Bf4 Nxf3+ 17. Bxf3 a5 18. Rfe1 Rb4 19. Bg3 e6 20. e5 dxe5 21. Bxe5 exd5
22. Bxc7 Qxc7 23. Nxd5 Qb8 24. Nxb4 Qxb4 25. Rac1 Bf5 26. Qxc5 Qxa4 27. Bc6 Qa2
28. Re8 Qxb2 29. Rce1 Qb4 30. Qd5 a4 31. Rxf8+ Bxf8 32. Re8 a3 33. Ra8 Be6 34.
Qe5 a2 35. Kh2 h6 36. Qf4 Qxf4+ {White resigns} 0-1

[Event "Team 45 45 League T63"]
[Site "Internet Chess Club"]
[Date "2015.01.31"]
[Round "9"]
[White "GivePeasAChance"]
[Black "harishbn"]
[Result "1/2-1/2"]
[WhiteElo "1810"]
[BlackElo "1896"]
[Opening "English, 1...Nf6 (Anglo-Indian defense)"]
[ECO "E68"]
[Time "10:31:16"]
[TimeControl "2700+45"]

1. c4 Nf6 2. g3 c6 3. Bg2 d6 4. Nc3 g6 5. Nf3 Bg7 6. O-O O-O 7. d4 Nbd7 8. e4 e5
9. dxe5 Nxe5 10. Nxe5 dxe5 11. b3 Qe7 12. Qe2 Be6 13. Bg5 h6 14. Be3 Ng4 15. Bd2
Rfd8 16. Rad1 b6 17. f3 Qc5+ 18. Kh1 Nf6 19. Be3 Qa5 20. Rd3 b5 21. cxb5 Rxd3
22. Qxd3 Rd8 23. Qc2 cxb5 24. Qb2 Bf8 25. Nb1 Rd3 26. Qe2 Rd8 27. Rc1 g5 28. Nc3
a6 29. f4 Ba3 30. Rc2 exf4 31. gxf4 gxf4 32. Bxf4 Bb4 33. Nd5 Nxd5 34. exd5 Rxd5
35. Bc7 {Game drawn by mutual agreement} 1/2-1/2

[Event "Team 45 45 League T63"]
[Site "Internet Chess Club"]
[Date "2015.01.30"]
[Round "9"]
[White "wildkingdumb4"]
[Black "chessjav"]
[Result "1/2-1/2"]
[WhiteElo "1810"]
[BlackElo "1929"]
[Opening "Caro-Kann: Panov-Botvinnik attack"]
[ECO "B13"]
[Time "11:03:55"]
[TimeControl "2700+45"]

1. e4 c6 2. d4 d5 3. exd5 cxd5 4. c4 Nf6 5. Nc3 Nc6 6. Nf3 Bg4 7. cxd5 Nxd5 8.
Qb3 Bxf3 9. gxf3 e6 10. Qxb7 Nxd4 11. Bb5+ Nxb5 12. Qc6+ Ke7 13. Qxb5 Qd7 14.
Nxd5+ Qxd5 15. Bg5+ f6 16. Qxd5 exd5 17. Be3 Ke6 18. O-O-O Bb4 19. Rd3 Rhd8 20.
Rhd1 Rac8+ 21. Kb1 Bc5 22. a3 a5 23. Bd4 Bxd4 24. Rxd4 g5 25. Re1+ Kf7 26. h4 h6
27. Rh1 Kg6 28. h5+ Kf5 29. Rhd1 Rc5 30. b4 Rb5 31. Kc2 Ke5 32. Kd3 axb4 33.
axb4 Ra8 34. Ke3 Ra4 35. Rb1 f5 36. Rc1 Rb6 37. Rc5 f4+ 38. Kd3 Ra3+ 39. Rc3
Rba6 40. b5 Rxc3+ 41. Kxc3 Ra3+ 42. Kb4 Kxd4 43. Kxa3 Kc5 44. Ka4 d4 45. b6 d3
46. Kb3 Kxb6 47. Kc3 Kc5 48. Kxd3 Kd5 49. Kc3 Ke5 50. Kd3 Kd5 51. Kc3 Ke6 52.
Kd4 Kf5 53. Kd5 Kf6 54. Ke4 Ke6 55. Kd4 Kf5 56. Kd5 g4 57. fxg4+ Kxg4 58. Ke4 f3
59. Ke3 Kxh5 60. Kxf3 Kh4 61. Ke4 Kg4 {Game drawn by mutual agreement} 1/2-1/2

[Event "Team 45 45 League T63"]
[Site "Internet Chess Club"]
[Date "2015.01.30"]
[Round "9"]
[White "Nathan-L"]
[Black "Innes"]
[Result "1-0"]
[WhiteElo "1782"]
[BlackElo "1497"]
[Opening "Queen's pawn game"]
[ECO "E10"]
[Time "17:00:21"]
[TimeControl "2700+45"]

1. Nf3 Nf6 2. d4 e6 3. c4 d5 4. cxd5 exd5 5. Bg5 c6 6. Nc3 Bb4 7. e3 Bf5 8. Bd3
Bg6 9. O-O Bxc3 10. bxc3 Nbd7 11. a4 Qc8 12. Qc2 Ne4 13. Bf4 O-O 14. Nd2 Nxd2
15. Qxd2 Bxd3 16. Qxd3 Nf6 17. c4 dxc4 18. Qxc4 Re8 19. Rab1 Ne4 20. Rb2 Qf5 21.
f3 Nf6 22. Rxb7 Nd5 23. Qxc6 Rac8 24. Qd7 Qxd7 25. Rxd7 Nxf4 26. exf4 h6 27. Kf2
Rc2+ 28. Kg3 Ree2 29. Rg1 Rc4 30. Ra1 Rcc2 31. f5 Rxg2+ 32. Kf4 Rge2 33. Rxa7
Rc4 34. Ra8+ Kh7 35. Rd8 Rxh2 36. a5 f6 37. a6 Rh4+ 38. Kg3 Rhxd4 39. Rxd4 Rxd4
40. a7 Rd8 41. a8=Q Rxa8 42. Rxa8 h5 43. Kh4 Kh6 44. Rh8# {Black checkmated} 1-0

[Event "Team 45 45 League T63"]
[Site "Internet Chess Club"]
[Date "2015.01.30"]
[Round "9"]
[White "spongenotbob"]
[Black "SaltofLife"]
[Result "0-1"]
[WhiteElo "1880"]
[BlackElo "1921"]
[Opening "Giuoco Piano"]
[ECO "C53"]
[Time "15:10:26"]
[TimeControl "2700+45"]

1. e4 e5 2. Nf3 Nc6 3. Bc4 Bc5 4. c3 d6 5. d3 a6 6. h3 Qf6 7. Bg5 Qg6 8. h4 Nf6
9. Qd2 h6 10. Bxf6 Qxf6 11. Qc2 O-O 12. Nbd2 Be6 13. Bb3 Ba7 14. Nf1 Rfd8 15.
Ng3 d5 16. h5 Na5 17. Nh4 Nxb3 18. axb3 dxe4 19. Nxe4 Qe7 20. O-O-O Rd7 21. Nf3
Bg4 22. Qe2 Rad8 23. Ng3 Qf6 24. Qxe5 Qxe5 25. Nxe5 Bxd1 26. Nxd7 Bxb3 27. Ne5
Bxf2 28. Ne4 Be3+ 29. Kb1 f6 30. Rh3 Ba7 31. Ng6 Kf7 32. Rg3 c5 33. c4 b5 34.
cxb5 axb5 35. Nh4 Bb8 36. Re3 c4 37. Nf5 cxd3 38. Nd2 Bc2+ 39. Kc1 Be5 40. Ne4
d2+ 41. Nxd2 Bxf5 42. Rb3 Bf4 {White resigns} 0-1

[Event "Team 45 45 League T63"]
[Site "Internet Chess Club"]
[Date "2015.02.02"]
[Round "9"]
[White "parrot9"]
[Black "Chess-Boy"]
[Result "1-0"]
[WhiteElo "1664"]
[BlackElo "1641"]
[Opening "Ruy Lopez: closed"]
[ECO "C90"]
[Time "15:08:03"]
[TimeControl "2700+45"]

1. e4 e5 2. Nf3 Nc6 3. Bb5 a6 4. Ba4 Nf6 5. O-O Be7 6. Re1 b5 7. Bb3 d6 8. c3
Bb7 9. d3 O-O 10. Nbd2 Na5 11. Bc2 c5 12. Nf1 Re8 13. Ng3 g6 14. d4 cxd4 15.
cxd4 Bf8 16. Bg5 Bg7 17. Rc1 Rc8 18. dxe5 dxe5 19. Qe2 h6 20. Red1 Qe7 21. Bd2
Nc4 22. b3 Nxd2 23. Rxd2 Qa3 24. Rcd1 Qxa2 25. h4 Bf8 26. Bb1 Qxb3 27. Ba2 Qa4
28. h5 g5 29. Nh2 Bxe4 30. Ng4 Nxg4 31. Nxe4 Bb4 32. Qxg4 Bxd2 33. Rxd2 Kg7 34.
Qf5 Rf8 35. Qf6+ Kg8 36. Qxe5 Rc6 37. Nf6+ Rxf6 38. Qxf6 Qe4 39. Bxf7+ Rxf7 40.
Rd8+ {Black resigns} 1-0

[Event "Team 45 45 League T63"]
[Site "Internet Chess Club"]
[Date "2015.01.31"]
[Round "9"]
[White "CaptK"]
[Black "Invicta-Knight"]
[Result "0-1"]
[WhiteElo "1741"]
[BlackElo "1548"]
[Opening "King's Indian: London system"]
[ECO "A48"]
[Time "13:30:47"]
[TimeControl "2700+45"]

1. d4 Nf6 2. Nf3 g6 3. Bf4 Bg7 4. e3 e6 5. Be2 O-O 6. O-O Nc6 7. c4 d5 8. Nc3 a6
9. Rc1 dxc4 10. Bxc4 Nd5 11. Bg3 Nxc3 12. bxc3 b5 13. Bb3 Bb7 14. Re1 Qe7 15. e4
Qd7 16. Qc2 Na5 17. Rcd1 Nxb3 18. axb3 f5 19. Nd2 Bh6 20. f3 f4 21. Bf2 Qe7 22.
e5 Rfd8 23. Ne4 Bxe4 24. Qxe4 a5 25. Ra1 a4 26. Re2 Ra6 27. Rea2 Rda8 28. Qb7
Qe8 29. d5 Bg7 30. Re1 exd5 31. Qxd5+ Qe6 32. Qxb5 Qxb3 33. Qxb3+ axb3 34. Rb2
Rb8 35. Bd4 Ra2 36. Reb1 Rxb2 37. Rxb2 Bf8 38. Kf1 Ba3 39. Rb1 c5 40. Bf2 c4 41.
Bd4 Kf7 42. g3 g5 43. g4 Ke6 44. Ke2 h5 45. gxh5 Rh8 46. Rh1 Rxh5 47. Kf2 Bc1
48. Rxc1 Rxh2+ 49. Ke1 b2 50. Rd1 Rh1+ {White resigns} 0-1

[Event "Team 45 45 League T63"]
[Site "Internet Chess Club"]
[Date "2015.01.30"]
[Round "9"]
[White "Visin"]
[Black "Lachesis"]
[Result "0-1"]
[WhiteElo "1260"]
[BlackElo "1585"]
[Opening "English: Caro-Kann defensive system"]
[ECO "A11"]
[Time "12:00:51"]
[TimeControl "2700+45"]

1. c4 c6 2. Nc3 d5 3. e3 e5 4. d3 Nf6 5. Be2 d4 6. exd4 exd4 7. Ne4 Nxe4 8. dxe4
Bb4+ 9. Bd2 Bxd2+ 10. Qxd2 c5 11. Nf3 Nc6 12. O-O O-O 13. h3 Re8 14. Bd3 h6 15.
a3 Qc7 16. b4 b6 17. Rab1 Rb8 18. Rb2 Be6 19. Rfb1 a6 20. bxc5 bxc5 21. Qc2 Rxb2
22. Rxb2 Rb8 23. Nd2 Rxb2 24. Qxb2 Ne5 25. Qb3 Qa5 26. Nf3 Nxf3+ 27. gxf3 Qc3
28. Qxc3 dxc3 29. Bc2 Bxc4 30. h4 Be2 31. f4 c4 32. Kg2 Bd3 33. Ba4 c2 34. Bxc2
Bxc2 35. Kf1 c3 36. Ke2 Bxe4 37. Kd1 Kf8 38. f3 c2+ 39. Kc1 Bf5 {White resigns}
0-1

[Event "Team 45 45 League T63"]
[Site "Internet Chess Club"]
[Date "2015.01.31"]
[Round "9"]
[White "otherook"]
[Black "tammany"]
[Result "1/2-1/2"]
[WhiteElo "1749"]
[BlackElo "1739"]
[Opening "English, 1...Nf6 (Anglo-Indian defense)"]
[ECO "A15"]
[Time "11:00:13"]
[TimeControl "2700+45"]

1. c4 Nf6 2. g3 e5 3. Bg2 d5 4. cxd5 Nxd5 5. Nc3 Nb6 6. Nf3 Nc6 7. O-O Be7 8. d3
Be6 9. Be3 Qd7 10. Na4 Nxa4 11. Qxa4 O-O 12. Rac1 f6 13. Bc5 Bxc5 14. Rxc5 Qd6
15. Rfc1 Kh8 16. a3 Bd7 17. Qb3 b6 18. R5c3 Na5 19. Qc2 c5 20. Nd2 Rac8 21. Nc4
Nxc4 22. dxc4 Bc6 23. Bxc6 Qxc6 24. b4 Rfd8 25. Rd3 cxb4 26. axb4 Rd4 27. Rxd4
exd4 28. Qd3 Qd6 29. Qf5 Rd8 30. c5 bxc5 31. Qxc5 Qxc5 32. Rxc5 h6 33. Rc7 Rb8
34. Rxa7 Rxb4 35. Kg2 Kh7 36. Kf3 Kg6 37. Ke4 f5+ 38. Kd3 Kf6 39. Rd7 g5 40.
Rxd4 Rb6 41. h3 Ke5 42. Rc4 Rb3+ 43. Rc3 Rxc3+ 44. Kxc3 Ke4 45. Kc4 f4 46. gxf4
gxf4 47. Kc5 f3 48. e3 Kd3 49. e4 Kxe4 50. Kc4 Kf5 51. Kd4 Kf4 52. Kd3 h5 53.
Kd4 Kg5 54. Ke4 Kh4 55. Kxf3 Kxh3 56. Ke4 Kg2 57. f4 h4 58. f5 h3 59. f6 h2 60.
f7 h1=Q 61. f8=Q Qe1+ 62. Kd5 Qd2+ 63. Ke5 Qe3+ 64. Kd5 Qf3+ 65. Qxf3+ Kxf3
{Game drawn because neither player has mating material} 1/2-1/2

[Event "Team 45 45 League T63"]
[Site "Internet Chess Club"]
[Date "2015.01.30"]
[Round "9"]
[White "Jyzzslynggur"]
[Black "elessar"]
[Result "1/2-1/2"]
[WhiteElo "1707"]
[BlackElo "1585"]
[Opening "Bird's opening"]
[ECO "A03"]
[Time "18:00:51"]
[TimeControl "2700+45"]

1. f4 d5 2. Nf3 Nf6 3. e3 Bg4 4. Be2 Bxf3 5. Bxf3 Nbd7 6. O-O e5 7. Qe1 e4 8.
Be2 h5 9. Qh4 Be7 10. Qg5 Rh7 11. b3 c6 12. Bb2 Ng8 13. Qf5 g6 14. Qh3 Bf6 15.
Bxf6 Qxf6 16. Nc3 O-O-O 17. Na4 Ne7 18. Bg4 Nf5 19. Bxf5 gxf5 20. g3 Rg8 21. Kh1
Rg4 22. Rg1 Kc7 23. Rae1 Qg6 24. Qf1 Rg7 25. Qf2 Nf6 26. Nc3 Qh7 27. Rg2 R4g6
28. Ne2 Ng4 29. Qf1 h4 30. Kg1 h3 31. Rf2 Nxf2 32. Kxf2 Rh6 33. a4 Rhg6 34. b4
Qh5 35. Nd4 b6 36. Re2 Rh6 37. Ke1 Qg6 38. Kd1 Qf6 {Game drawn by mutual
agreement} 1/2-1/2

[Event "Team 45 45 League T63"]
[Site "Internet Chess Club"]
[Date "2015.01.31"]
[Round "9"]
[White "Hal2001"]
[Black "kingphisch"]
[Result "1-0"]
[WhiteElo "1575"]
[BlackElo "1504"]
[Opening "Caro-Kann: classical variation"]
[ECO "B18"]
[Time "14:00:12"]
[TimeControl "2700+45"]

1. e4 c6 2. d4 d5 3. Nc3 dxe4 4. Nxe4 Bf5 5. Ng3 Bg6 6. N1e2 e5 7. dxe5 Qxd1+ 8.
Kxd1 Nd7 9. f4 f5 10. Bd2 Ne7 11. Nc1 Nc5 12. Nd3 Ne4 13. Be2 O-O-O 14. Ke1 Nxd2
15. Kxd2 Nd5 16. Rhf1 h5 17. c4 Nb4 18. h4 Be7 19. Rh1 Nxd3 20. Bxd3 Rd4 21. Ne2
Rd7 22. Kc2 Rhd8 23. Rad1 Bh7 24. a3 g6 25. g3 Bg8 26. Nc1 Be6 27. Nb3 b6 28.
Be2 Rxd1 29. Rxd1 Rxd1 30. Kxd1 Bc5 31. Nxc5 bxc5 32. Kd2 Kc7 33. Kc3 Kb6 34. b4
a6 35. Bd1 cxb4+ 36. axb4 c5 37. Ba4 Bf7 38. Bd7 cxb4+ 39. Kxb4 a5+ 40. Kc3 Kc7
41. e6 Bg8 42. c5 Kd8 43. c6 Bh7 44. Kb3 Bg8 45. Ka4 g5 46. Kxa5 gxf4 47. gxf4
Bh7 48. Kb6 {Black resigns} 1-0

[Event "Team 45 45 League T63"]
[Site "Internet Chess Club"]
[Date "2015.02.02"]
[Round "9"]
[White "tamky70"]
[Black "Aquaman"]
[Result "0-1"]
[WhiteElo "1384"]
[BlackElo "1370"]
[Opening "Scandinavian defense"]
[ECO "B01"]
[Time "19:45:10"]
[TimeControl "2700+45"]

1. e4 d5 2. exd5 Nf6 3. Nc3 Nxd5 4. Nxd5 Qxd5 5. Nf3 Nc6 6. c3 Bf5 7. Be2 O-O-O
8. O-O h5 9. d4 f6 10. Nh4 Bh7 11. Bf3 Be4 12. Re1 Bxf3 13. Qxf3 Qxf3 14. Nxf3
g5 15. Nd2 e5 16. dxe5 Nxe5 17. Ne4 Bg7 18. Be3 b6 19. Ng3 Rh7 20. Nf5 Bh8 21.
Rad1 Nd3 22. Re2 Ne5 23. Rxd8+ Kxd8 24. Bd4 Rd7 25. h3 c5 26. Bxe5 fxe5 27. Ne3
Ke7 28. Kf1 Ke6 29. Ke1 b5 30. Rd2 Rxd2 31. Kxd2 e4 32. Ke2 c4 33. Nc2 a6 34.
Nb4 a5 35. Nc6 a4 36. Nb4 Bf6 37. Ke3 Ke5 38. Nc6+ Kd5 39. Nb4+ Ke5 40. a3 Bg7
41. Nc2 Bf8 42. Ke2 Bc5 43. Ne3 Bb6 44. Nc2 Bc5 45. Nb4 Bxb4 46. axb4 Kf4 47.
g3+ Ke5 48. Ke3 Kd5 49. f3 exf3 50. Kxf3 Ke5 51. Ke3 Kd5 52. h4 gxh4 53. gxh4
Ke5 54. Kf3 Kf5 55. Ke3 Kg4 56. Kd4 Kxh4 57. Kc5 Kg3 58. Kxb5 h4 59. Kxc4 h3 60.
b5 h2 61. b6 h1=Q 62. b7 Qxb7 {White resigns} 0-1

[Event "Team 45 45 League T63"]
[Site "Internet Chess Club"]
[Date "2015.01.31"]
[Round "9"]
[White "semperfi"]
[Black "bardu"]
[Result "1/2-1/2"]
[WhiteElo "1424"]
[BlackElo "1141"]
[Opening "King's Indian: East Indian defense"]
[ECO "A48"]
[Time "14:00:08"]
[TimeControl "2700+45"]

1. d4 Nf6 2. Nf3 g6 3. e3 Bg7 4. c4 O-O 5. Nc3 d6 6. Be2 Nbd7 7. e4 e5 8. dxe5
dxe5 9. O-O b6 10. Bg5 Bb7 11. Nd5 h6 12. Bh4 g5 13. Bg3 Nxe4 14. Qc2 Nef6 15.
Nxf6+ Qxf6 16. Rad1 Rad8 17. Qa4 Nc5 18. Qa3 Bxf3 19. Bxf3 a5 20. Qc3 Na4 21.
Qc2 Nc5 22. b3 Rfe8 23. Rfe1 Rxd1 24. Qxd1 Qd6 25. Bd5 Rd8 26. Qf3 Qf6 27. Qxf6
Bxf6 28. Bxe5 Bxe5 29. Rxe5 Nd3 30. Rf5 Rd7 31. g3 Nb4 32. Be4 Nxa2 33. Re5 Kg7
34. Bf5 Rd1+ 35. Kg2 Kf6 36. Bg4 Kxe5 37. Bxd1 Nc3 38. Bc2 Kd4 39. Kf3 f5 40.
Bxf5 a4 41. bxa4 Nxa4 42. Be6 Nb2 43. Kg4 Nxc4 44. f4 Ne3+ 45. Kh5 Ke4 46. fxg5
hxg5 47. Kxg5 c5 48. h4 c4 49. Bxc4 Nxc4 50. h5 Ne5 51. h6 Nf7+ 52. Kg6 Nxh6 53.
Kxh6 Kf3 54. Kg6 b5 55. Kf5 Kxg3 56. Ke4 Kf2 57. Kd3 Ke1 58. Kc3 Kd1 59. Kb4 Kc1
60. Kxb5 {Game drawn because neither player has mating material} 1/2-1/2

[Event "Team 45 45 League T63"]
[Site "Internet Chess Club"]
[Date "2015.01.31"]
[Round "9"]
[White "Kandor"]
[Black "RobertBuice"]
[Result "1-0"]
[WhiteElo "1287"]
[BlackElo "1175"]
[Opening "Two knights defense"]
[ECO "C55"]
[Time "16:30:08"]
[TimeControl "2700+45"]

1. e4 e5 2. Nf3 Nc6 3. Bc4 Nf6 4. d4 Bd6 5. O-O Nxe4 6. Bd5 Nf6 7. Bxc6 Qe7 8.
Re1 e4 9. Ba4 O-O 10. Nc3 Bb4 11. Bg5 Bxc3 12. bxc3 Qa3 13. Nd2 Qxa4 14. Bxf6
gxf6 15. Qg4+ Kh8 16. Qxe4 Rg8 17. Re3 d5 18. Qe7 Qxc2 19. Qxf6+ Rg7 20. Rg3 Qg6
21. Rxg6 hxg6 22. Qd8+ Kh7 23. Qxc7 Bf5 24. Qxb7 Rag8 25. Qxd5 Kh8 26. Re1 Bh3
27. gxh3 g5 28. Re3 g4 29. hxg4 Rxg4+ 30. Rg3 Rxg3+ 31. fxg3 f6 32. Ne4 Rf8 33.
Qf5 a5 34. a4 Kg7 35. d5 Kf7 36. Qxf6+ Ke8 37. Qxf8+ Kxf8 38. h4 Ke7 39. Nc5 Kd6
40. Nb3 Kxd5 41. Nxa5 Kc5 42. g4 Kb6 43. g5 Kxa5 44. g6 Kxa4 45. g7 Kb3 46.
g8=Q+ Kxc3 47. h5 Kd3 48. h6 Ke3 49. h7 Kf3 50. Qg5 Ke2 51. Qg3 Kd1 52. Qe3 Kc2
53. Kf1 Kd1 54. Qe2+ Kc1 55. Ke1 Kb1 56. Qd2 Ka1 57. Kd1 Kb1 58. Qc3 Ka2 59. Qb4
Ka1 60. Kc2 Ka2 61. Qb2# {Black checkmated} 1-0

[Event "Team 45 45 League T63"]
[Site "Internet Chess Club"]
[Date "2015.02.03"]
[Round "9"]
[White "artspir"]
[Black "jaybird44"]
[Result "1-0"]
[WhiteElo "1263"]
[BlackElo "1247"]
[Opening "Queen's bishop game"]
[ECO "D02"]
[Time "15:01:55"]
[TimeControl "2700+45"]

1. d4 d5 2. Nf3 Nf6 3. Bf4 c6 4. Nbd2 Nbd7 5. e3 e6 6. Bd3 Bb4 7. c3 Ba5 8. b4
Bc7 9. Ne5 O-O 10. O-O b6 11. a4 a5 12. b5 c5 13. Nc6 Qe8 14. Bxc7 cxd4 15. Bd6
dxc3 16. Nf3 Nc5 17. Bxf8 Qxf8 18. Bc2 Bb7 19. Nce5 Rd8 20. Ra3 Nce4 21. Ra2 Nd7
22. Nxd7 Rxd7 23. Bxe4 d4 24. Bxb7 Rxb7 25. Qxd4 Rc7 26. Rc2 Qa3 27. Qd8+ Qf8
28. Qxc7 {Black resigns} 1-0

[Event "Team 45 45 League T63"]
[Site "Internet Chess Club"]
[Date "2015.02.02"]
[Round "9"]
[White "divy7"]
[Black "QuieroAprender"]
[Result "1-0"]
[WhiteElo "1685"]
[BlackElo "1632"]
[Opening "Vienna game, Max Lange defense"]
[ECO "C25"]
[Time "18:23:24"]
[TimeControl "2700+45"]

1. e4 e5 2. Nc3 Nc6 3. Bc4 d6 4. Nf3 Nf6 5. Ng5 d5 6. exd5 Na5 7. Bb5+ c6 8.
dxc6 bxc6 9. Qf3 Bb7 10. Bd3 h6 11. Nge4 Be7 12. O-O O-O 13. Nxf6+ Bxf6 14. Ne4
Be7 15. Qf5 f6 16. Ng3 Kf7 17. Qg6+ Ke6 18. Qg4+ Kf7 19. b4 e4 20. Nxe4 Bxb4 21.
Ng3 Bd6 22. Qg6+ Kg8 23. Nf5 Bxh2+ 24. Kh1 Rf7 25. Nxh6+ Kf8 26. Qxf7# {Black
checkmated} 1-0

[Event "Team 45 45 League T63"]
[Site "Internet Chess Club"]
[Date "2015.02.01"]
[Round "9"]
[White "pcvan"]
[Black "bluesun"]
[Result "0-1"]
[WhiteElo "1571"]
[BlackElo "1516"]
[Opening "Scotch game"]
[ECO "C45"]
[Time "15:01:48"]
[TimeControl "2700+45"]

1. e4 e5 2. Nf3 Nc6 3. d4 exd4 4. Nxd4 Bc5 5. Nxc6 bxc6 6. Nc3 Ne7 7. Bc4 O-O 8.
Bg5 Rb8 9. O-O d6 10. Na4 Bb6 11. Bb3 Be6 12. Nxb6 Rxb6 13. Qd3 d5 14. c4 f6 15.
Be3 Rb7 16. Rfd1 Qb8 17. cxd5 Rd8 18. Qc3 cxd5 19. Bc5 c6 20. Rd2 Qe5 21. Qc2
Bf7 22. Bxe7 Rxe7 23. Qxc6 Qxe4 24. Rad1 Qe1+ {White resigns} 0-1

[Event "Team 45 45 League T63"]
[Site "Internet Chess Club"]
[Date "2015.02.03"]
[Round "9"]
[White "Bizzy-Ketty"]
[Black "JOFRAN"]
[Result "0-1"]
[WhiteElo "1566"]
[BlackElo "1495"]
[Opening "Caro-Kann: Panov-Botvinnik attack, 5...e6"]
[ECO "B14"]
[Time "16:35:02"]
[TimeControl "2700+45"]

1. e4 c6 2. d4 d5 3. exd5 cxd5 4. c4 Nf6 5. Nc3 e6 6. Nf3 Nc6 7. Bg5 Be7 8. cxd5
exd5 9. Bd3 O-O 10. O-O Bg4 11. Be2 h6 12. Bh4 Rc8 13. Re1 Re8 14. Ne5 Bxe2 15.
Rxe2 g5 16. Bg3 Qb6 17. Rd2 Bb4 18. a3 Bxc3 19. bxc3 Ne4 20. Rd3 Kg7 21. Ng4 Re6
22. Ne3 Ne7 23. Qd2 Nxd2 24. Rxd2 Rxc3 25. h4 f5 26. Be5+ Kg6 27. hxg5 hxg5 28.
g3 Rxe5 29. dxe5 Rxe3 30. fxe3 Qxe3+ 31. Rf2 Qxe5 32. Kh2 Qxa1 33. Re2 Kf6 34.
Re3 d4 35. Rd3 Ke5 36. Rd2 Nd5 37. Kg2 Ke4 38. Kf2 Qxa3 39. Re2+ Qe3+ 40. Rxe3+
dxe3+ 41. Ke2 Nc3+ 42. Ke1 Kd3 43. Kf1 Kd2 44. g4 e2+ 45. Kg2 e1=Q 46. gxf5 Qe3
47. f6 Ne4 48. f7 Qg3+ 49. Kh1 Nf2# {White checkmated} 0-1

[Event "Team 45 45 League T63"]
[Site "Internet Chess Club"]
[Date "2015.01.31"]
[Round "9"]
[White "olivermx"]
[Black "MasterD"]
[Result "1-0"]
[WhiteElo "1365"]
[BlackElo "1489"]
[Opening "French: exchange variation"]
[ECO "C01"]
[Time "17:30:51"]
[TimeControl "2700+45"]

1. e4 e6 2. d4 d5 3. exd5 exd5 4. Nf3 Nc6 5. Bb5 Nf6 6. O-O a6 7. Ba4 b5 8. Bb3
Be7 9. Be3 O-O 10. a3 Bf5 11. Nc3 Re8 12. Bg5 Be6 13. Re1 h6 14. Bxf6 Bxf6 15.
Nxd5 Nxd4 16. Nxf6+ Qxf6 17. Qxd4 Qxd4 18. Nxd4 Bxb3 19. Rxe8+ Rxe8 20. Nxb3 g5
21. Nc5 a5 22. Nd7 Re7 23. Nf6+ Kg7 24. Nd5 Rd7 25. Nc3 c6 26. Rd1 Rc7 27. h3 f6
28. g4 Kg6 29. Kg2 a4 30. Rd6 Kg7 31. Ne4 {Black resigns} 1-0